cohdb
Replays
Latest Replays
All Replays
Popular Replays
Top Player Replays
Match Explorer
How It Works
Community
CoH3 Stats
Reddit
Sign in to upload your games and track your stats! →
Sign in with Steam
Match 42559327
Unlisted
Match 42559327
Overview
Messages
Build Orders
End
Construct Weapon Support Center
Selects Airborne Battlegroup
Selects Heavy Machine Gun Paradrop
Heavy Machine Gun Paradrop
Bazooka Squad
Engineer Squad
Heavy Machine Gun Paradrop
Mechanized Support Center
Designate Forward Repair Station
M3 Armored Personnel Carrier
Selects Paratrooper Squad Paradrop
Paratrooper Squad Paradrop
Paratrooper Squad Paradrop
Construct Tank Depot
Selects Recon Loiter
M4A1 Sherman Medium Tank
M4A1 76mm Conversion
Improvised Armor
Bismarck
小方2333
2PeriodBlood7
白洲アズサ
homig
kerem
巨蟹座
鞋墊兒
0
0
Comments
sign in to comment!
No comments posted yet!